 Dungeon Crawl Stone Soup version 0.27-a0-1431-gcffa5a9b16 (webtiles) character file.

Game seed: 7018620581145357101

10907 flotson the Covert (level 11, -3/75 HPs)
             Began as an Octopode Brigand on July 1, 2021.
             Was an Initiate of Gozag.
             Slain by a seven-headed hydra (4 damage)
             ... on level 1 of the Lair of Beasts on July 3, 2021.
             The game lasted 00:39:14 (18588 turns).

flotson the Covert (Octopode Brigand)              Turns: 18588, Time: 00:39:16

Health: -3/75      AC:  1    Str: 15    XL:     11   Next: 69%
Magic:  0/19       EV: 16    Int: 20    God:    Gozag
Gold:   258        SH:  0    Dex: 14    Spells: 4/20 levels left

rFire    . . .     SeeInvis .   a - +9 war axe of Gaiherux {vorpal, rN+ Str+2}
rCold    . . .     Faith    .   (no shield)
rNeg     + + .     Spirit   +   (helmet restricted)
rPois    .         Reflect  .   g - amulet of guardian spirit
rElec    .         Harm     .   v - +6 ring of intelligence
rCorr    .         Rampage  .   A - ring of positive energy
Will     .....                  (no ring)
Stlth    ++++++....             (no ring)
HPRegen  0.22/turn              (no ring)
MPRegen  0.16/turn              (no ring)
                                (no ring)
                                (no ring)

@: studying Shields
A: almost no armour, amphibious, 8 rings, camouflage 1, gelatinous body 1,
(nimble swimmer 1), tentacles
a: Renounce Religion, Potion Petition, Call Merchant, Bribe Branch


You were on level 1 of the Lair of Beasts.
You worshipped Gozag.
Gozag was aware of your devotion.
You visited 3 branches of the dungeon, and saw 12 of its levels.

You collected 910 gold pieces.
You spent 481 gold pieces at shops.
You paid 171 gold pieces to Gozag.

Inventory:

Hand Weapons
 a - the +9 war axe of Gaiherux (weapon) {vorpal, rN+ Str+2}
   (You found it on level 1 of the Lair of Beasts)

   It inflicts extra damage upon your enemies.
   Str:       It affects your strength (+2).
   rN:        It protects you from negative energy.
 b - a +0 hunting sling
 k - a +2 vampiric war axe
 M - the +3 spear of Amorality {drain, Dex+7}
   (You bought it in a shop on level 10 of the Dungeon)

   A truly terrible weapon, it drains the life of those it strikes.
   Dex:       It affects your dexterity (+7).
Missiles
 c - 8 curare-tipped darts (quivered)
 p - 4 atropa-tipped darts
 q - 57 sling bullets
 s - 80 poisoned darts
 B - 4 throwing nets
 E - 4 boomerangs
Jewellery
 g - an amulet of guardian spirit (around mantle)
 r - an amulet of the acrobat
 v - a +6 ring of intelligence (left tentacle)
 A - a ring of positive energy (right tentacle)
 O - a ring of magical power
Wands
 l - a wand of charming (1)
 C - a wand of iceblast (11)
 L - a wand of flame (9)
Scrolls
 e - 4 scrolls of enchant armour
 f - a scroll of vulnerability {unknown}
 h - 4 scrolls of teleportation
 j - 4 scrolls of fear
 n - a scroll of blinking
 o - a scroll of amnesia {unknown}
 w - a scroll of holy word
 y - a scroll of magic mapping {unknown}
 z - a scroll of brand weapon {unknown}
 D - 2 scrolls of enchant weapon {unknown}
 K - 3 scrolls of acquirement {unknown}
Potions
 d - 3 potions of flight
 i - a potion of magic
 m - 2 potions of invisibility
 t - 3 potions of curing
 x - a potion of might
 F - a potion of brilliance
 G - 2 potions of lignification
 H - 3 potions of attraction
 I - a potion of haste
 J - a potion of mutation
 N - a potion of berserk rage {unknown}
Miscellaneous
 u - a box of beasts (inert)


   Skills:
 + Level 7.2 Fighting
 - Level 2.0 Short Blades
 + Level 4.6(4.7) Axes
 - Level 1.0(3.0) Polearms
 - Level 6.5 Throwing
 + Level 7.0 Dodging
 + Level 11.8 Stealth
 + Level 5.4 Spellcasting
 + Level 1.8 Hexes
 + Level 6.0 Summonings
 + Level 1.6 Ice Magic
 + Level 5.8 Evocations


You had 4 spell levels left.
You knew the following spells:

 Your Spells              Type           Power      Damage    Failure   Level
a - Summon Small Mammal   Summ           100%       N/A       1%          1
b - Call Canine Familiar  Summ           29%        N/A       2%          3
c - Summon Guardian Gole  Hex/Summ       21%        N/A       7%          3
d - Summon Ice Beast      Ice/Summ       20%        N/A       22%         4
e - Summon Mana Viper     Hex/Summ       21%        N/A       52%         5

Your spell library contained the following spells:

 Spells                   Type           Power      Damage    Failure   Level
 Corona                   Hex            13%        N/A       5%          1
 Animate Skeleton         Necr           10%        N/A       11%         1
 Apportation              Tloc           10%        N/A       11%         1
 Foxfire                  Conj/Fire      20%        2x1d5     11%         1
 Pain                     Necr           20%        1d5       11%         1
 Shock                    Conj/Air       20%        1d4       11%         1
 Inner Flame              Hex/Fire       9%         N/A       22%         3
 Conjure Flame            Conj/Fire      5%         6-21      32%         3
 Swiftness                Air            5%         N/A       32%         3
 Vampiric Draining        Necr           2%         2d6       32%         3
 Airstrike                Air            2%         N/A       73%         4
 Petrify                  Tmut/Erth      5%         N/A       73%         4
 Metabolic Englaciation   Hex/Ice        6%         N/A       83%         5
 Conjure Ball Lightning   Conj/Air       2%         3x3d6     100%        6
 Statue Form              Tmut/Erth      3%         N/A       100%        6
 Monstrous Menagerie      Summ           14%        N/A       100%        7
 Orb of Destruction       Conj           2%         9d1       100%        7
 Spellforged Servitor     Conj/Summ      8%         N/A       100%        7
 Discord                  Hex            6%         N/A       100%        8
 Disjunction              Tloc           2%         N/A       100%        8


Dungeon Overview and Level Annotations

Branches:
Dungeon (10/15)            Temple (1/1) D:6            Lair (1/6) D:10
    Orc (0/2) D:9

Altars:
Ashenzari
Cheibriados
Dithmenos
Elyvilon
Fedhas
Gozag
Hepliaklqana
Kikubaaqudgha
Makhleb
Nemelex Xobeh
Okawaru
Qazlal
Ru
Sif Muna
Trog
Uskayaw
Vehumet
Wu Jian
Xom
Yredelemnul
Zin
The Shining One

Shops:
D:4 ?   D:10 [:*

Annotations:
D:5 2 transporters, Tocho's ghost, novice DrTm


Innate Abilities, Weirdness & Mutations

You cannot wear most types of armour.
You are amphibious.
You can wear up to eight rings at the same time.
Your skin changes colour to match your surroundings (Stealth+).
Your rubbery body absorbs attacks. (AC +1, EV +1)
((You are camouflaged near water. (Stealth+)))
You have tentacles for arms and can constrict up to eight enemies at once.


Message History

The seven-headed hydra bites your juvenile stingbat beast but does no damage.
The seven-headed hydra bites your juvenile stingbat beast!
Your juvenile stingbat beast dies!
Your juvenile stingbat beast's corpse disappears in a puff of smoke!
The seven-headed hydra roars!
You hit the water moccasin. Your grab misses the water moccasin.
Your squeeze misses the water moccasin.
The water moccasin is lightly wounded.
The water moccasin barely misses you. The water moccasin bites you!
The water moccasin closely misses you. The water moccasin closely misses you.
You miss the water moccasin. Your grab misses the water moccasin.
Your squeeze misses the water moccasin.
The water moccasin is lightly wounded.
You slash the fungus!
The fungus begins to die.
The water moccasin closely misses you.
Unknown command.
Aiming: Iceblast
Press: ? - help, Shift-Dir - straight line, f/p - seven-headed hydra
Aim: a seven-headed hydra (heavily wounded)
Okay, then.
A nearby fungus withers and dies.
Aiming: Iceblast
Press: ? - help, Shift-Dir - straight line, p - seven-headed hydra The mass of ice explodes!
The iceblast engulfs the seven-headed hydra!!
The seven-headed hydra is severely wounded.
The seven-headed hydra bites you!
The seven-headed hydra closely misses you.
The seven-headed hydra bites you! The seven-headed hydra bites you. x2
The seven-headed hydra misses you. The seven-headed hydra bites you.
Unknown command.
The seven-headed hydra bites you. The seven-headed hydra bites you!
The seven-headed hydra bites you. The seven-headed hydra bites you! x2
* * * LOW HITPOINT WARNING * * *
The seven-headed hydra bites you!!
* * * LOW HITPOINT WARNING * * *
The seven-headed hydra bites you.
You die...
Your body crumbles into a pile of gold.

####.##................#######P#
#. ###.#.######..#### ### #.
###.....##### #. ###...# #.
###.# .. #.# #. #S## #D.# #@.#
#..## ##.. ####


You could see a seven-headed hydra and a water moccasin.

Vanquished Creatures
  A centaur warrior (D:9)
  2 two-headed ogres
  2 gargoyles
  2 cane toads (Lair:1)
  A rime drake (Lair:1)
  Maggie (D:8)
  A kobold demonologist (D:8)
  2 hornets
  Grinder (D:5)
  A vampire (D:8)
  Sigmund (D:2)
  Eustachio (D:4)
  A yak (D:9)
  A basilisk (Lair:1)
  3 vampire mosquitoes (D:9)
  6 steam dragons
  Grum (D:8)
  4 wargs (D:9)
  A hornet zombie (D:7)
  4 orc warriors
  A black bear (D:8)
  2 wolves (D:8)
  3 ogres
  3 centaurs
  2 phantoms (D:5)
  A bullfrog (D:9)
  11 kobold brigands
  Blork the orc (D:5)
  A wyvern skeleton (D:7)
  2 scorpions
  4 wights
  4 electric eels (Lair:1)
  2 centaur zombies (D:9)
  A lava snake (D:10)
  A hound (D:4)
  A jelly (D:5)
  3 orc priests
  2 gnoll shamans
  A centaur skeleton (D:7)
  An iguana (D:6)
  6 orc wizards
  A centaur simulacrum (D:9)
  A hound skeleton (D:5)
  17 gnolls
  8 adders
  2 white imps
  A worm (D:2)
  5 dart slugs
  34 orcs
  4 bats
  7 endoplasms
  5 giant cockroaches
  12 hobgoblins
  9 jackals
  24 kobolds
  2 quokkas
  2 ball pythons
  3 frilled lizards (D:1)
  10 goblins
  5 rats
242 creatures vanquished.

Vanquished Creatures (collateral kills)
  A manticore (D:9)
  A wolf (D:8)
  2 kobold brigands (D:8)
  A gnoll sergeant (D:10)
  A howler monkey (D:9)
  3 gnolls (D:10)
  2 kobolds (D:8)
11 creatures vanquished.

Vanquished Creatures (others)
  A wolf (D:8)
  A vampire mosquito (D:9)
  2 orcs (D:8)
  2 fungi (Lair:1)
  2 plants
8 creatures vanquished.

Grand Total: 261 creatures vanquished

Notes
Turn   | Place    | Note
-------+----------+-------------------------------------------
     0 | D:1      | flotson the Octopode Brigand began the quest for the Orb.
     0 | D:1      | Reached XP level 1. HP: 14/14 MP: 1/1
    53 | D:1      | Reached XP level 2. HP: 13/19 MP: 2/2
   212 | D:1      | Reached skill level 6 in Stealth
   574 | D:1      | Reached XP level 3. HP: 24/24 MP: 3/3
   575 | D:1      | Upgraded the game from 0.27-a0-1416-g941b2bd30b to
                  | 0.27-a0-1431-gcffa5a9b16
   710 | D:1      | Found a faded altar of an unknown god.
   866 | D:1      | Learned a level 1 spell: Summon Small Mammal
  1056 | D:2      | Noticed Sigmund
  1069 | D:2      | Killed Sigmund
  1070 | D:2      | Reached skill level 7 in Stealth
  1070 | D:2      | Reached skill level 1 in Spellcasting
  1070 | D:2      | Reached skill level 1 in Summonings
  1070 | D:2      | Reached XP level 4. HP: 22/30 MP: 3/5
  1070 | D:2      | Reached XP level 5. HP: 26/35 MP: 3/6
  1859 | D:3      | Reached XP level 6. HP: 41/41 MP: 7/7
  2665 | D:3      | Noticed an orc warrior
  2696 | D:3      | Killed an orc warrior
  2697 | D:3      | Reached XP level 7. HP: 40/46 MP: 9/9
  3028 | D:4      | Learned a level 3 spell: Call Canine Familiar
  3032 | D:4      | Learned a level 3 spell: Summon Guardian Golem
  3034 | D:4      | Found Sidetosh's Magic Scroll Shoppe.
  3044 | D:4      | Reached skill level 8 in Stealth
  3059 | D:4      | Bought a scroll of identify for 28 gold pieces
  3059 | D:4      | Bought a scroll of identify for 28 gold pieces
  3160 | D:4      | Found a burning altar of Makhleb.
  3160 | D:4      | Noticed a balrug
  3171 | D:4      | Noticed Eustachio
  3185 | D:4      | Killed Eustachio
  3483 | D:4      | Reached XP level 8. HP: 52/54 MP: 11/11
  3843 | D:4      | Found Sidetosh's Magic Scroll Shoppe.
  4285 | D:4      | Found a burning altar of Makhleb.
  4387 | D:5      | Entered Level 5 of the Dungeon
  4992 | D:5      | Noticed Grinder
  4999 | D:5      | Killed Grinder
  5331 | D:5      | Noticed Blork the orc
  5379 | D:5      | Killed Blork the orc
  5722 | D:5      | Noticed Tocho's ghost (novice DrTm)
  5723 | D:5      | Found a transporter.
  5723 | D:5      | Identified the +9 dire flail of the Illusory Blessings
                  | {vorpal, Contam +Blink Dex+4}
  5724 | D:5      | Found a transporter.
  5901 | D:5      | Reached skill level 9 in Stealth
  5967 | D:5      | Identified the +2 falchion "Gyxzaj" {antimagic, rPois rF+}
  6191 | D:6      | Reached skill level 1 in Evocations
  6238 | D:6      | Reached XP level 9. HP: 60/60 MP: 14/14
  6448 | D:6      | Reached skill level 5 in Fighting
  6953 | D:6      | Found a staircase to the Ecumenical Temple.
  6960 | Temple   | Entered the Ecumenical Temple
  7197 | D:6      | Reached skill level 5 in Throwing
  7415 | D:7      | Identified the +7 spear of Past Mistakes {vamp, rElec rN+}
  7827 | D:7      | Noticed a hornet
  7903 | D:7      | Killed a hornet
  8090 | D:7      | Reached skill level 1 in Polearms
  8874 | D:8      | Reached skill level 1 in Axes
  8874 | D:8      | Reached skill level 5 in Dodging
  8906 | D:8      | Reached skill level 10 in Stealth
  9260 | D:8      | Noticed a kobold demonologist
  9278 | D:8      | Killed a kobold demonologist
  9286 | D:8      | Reached skill level 5 in Summonings
  9286 | D:8      | Reached XP level 10. HP: 52/68 MP: 9/16
  9889 | D:8      | Noticed Maggie
  9894 | D:8      | Killed Maggie
  9908 | D:8      | Learned a level 4 spell: Summon Ice Beast
  9914 | D:8      | Learned a level 5 spell: Summon Mana Viper
 10085 | D:8      | Noticed Grum
 10101 | D:8      | Killed Grum
 10339 | D:8      | Noticed a two-headed ogre
 10344 | D:8      | Noticed a gargoyle
 10478 | D:8      | Killed a gargoyle
 10661 | D:8      | Killed a two-headed ogre
 11192 | D:9      | Found a staircase to the Orcish Mines.
 11214 | D:9      | Reached skill level 11 in Stealth
 11336 | D:9      | Noticed a centaur warrior
 11344 | D:9      | Killed a centaur warrior
 11345 | D:9      | Reached XP level 11. HP: 20/74 MP: 5/17
 11626 | D:9      | Noticed a manticore
 11885 | D:9      | Found a shadowy altar of Dithmenos.
 11907 | D:9      | Killed a manticore
 11908 | D:9      | Reached skill level 5 in Evocations
 12202 | D:9      | Paralysed by a hornet for 1 turns
 12866 | D:9      | Noticed a two-headed ogre
 12891 | D:9      | Killed a two-headed ogre
 12892 | D:9      | Reached skill level 5 in Spellcasting
 13594 | D:9      | Found a blossoming altar of Fedhas.
 13880 | D:9      | Found a faded altar of an unknown god.
 13880 | D:9      | Found an opulent altar of Gozag.
 13889 | D:9      | Found a basalt altar of Yredelemnul.
 13902 | D:9      | Became a worshipper of Gozag Ym Sagoz the Greedy
 13905 | D:9      | Found a sparkling altar of Nemelex Xobeh.
 13907 | D:9      | Found a broken altar of Ashenzari.
 14143 | D:10     | Entered Level 10 of the Dungeon
 14143 | D:10     | Found Pux Peto's Armour Shoppe.
 14379 | D:10     | Found a staircase to the Lair.
 15181 | D:9      | Found a blossoming altar of Fedhas.
 15232 | D:9      | Found a staircase to the Orcish Mines.
 15464 | D:9      | Found a shadowy altar of Dithmenos.
 15580 | D:9      | Found a faded altar of an unknown god.
 15580 | D:9      | Found an opulent altar of Gozag.
 15587 | D:9      | Found a basalt altar of Yredelemnul.
 15589 | D:9      | Found a broken altar of Ashenzari.
 15591 | D:9      | Found a sparkling altar of Nemelex Xobeh.
 15800 | D:10     | Noticed a two-headed ogre
 15956 | D:9      | Reached skill level 1 in Hexes
 16788 | D:10     | Found Oselaetil's Assorted Antiques.
 16797 | D:10     | Bought a white potion for 35 gold pieces
 16797 | D:10     | Bought a scroll of identify for 78 gold pieces
 16797 | D:10     | Bought a scorched spear for 312 gold pieces
 16797 | D:10     | Identified the +3 spear of Amorality {drain, Dex+7} (You
                  | bought it in a shop on level 10 of the Dungeon)
 16820 | D:10     | Reached skill level 1 in Ice Magic
 16831 | D:10     | Found Cefo's Book Boutique.
 17571 | Lair:1   | Entered Level 1 of the Lair of Beasts
 18366 | Lair:1   | Identified the +9 war axe of Gaiherux {vorpal, rN+ Str+2}
 18563 | Lair:1   | Noticed a seven-headed hydra
 18588 | Lair:1   | HP: 1/75 [seven-headed hydra (15)]
 18588 | Lair:1   | Slain by a seven-headed hydra

Illustrated notes

Levels and vault maps discovered:
D:1:      minmay_arrival_semitransparent, layout_rooms,
          hellmonk_ecumenical_altar_heavens_door, minmay_three_crescents
D:2:      layout_basic, serial_bayou_pond_e, uniq_sigmund
D:3:      cheibrodos_old_hovel, layout_basic, kennysheep_small_spiral
D:4:      layout_loops_ring, makhleb_altar_promises_db, serial_shops,
          nicolae_shop_temple_entry_statues_fountains, uniq_eustachio
D:5:      layout_loops_ring, gammafunk_ghost_smash, uniq_blork_the_orc,
          uniq_grinder
D:6:      layout_loops_ring, minmay_temple_entry_nine_rooms,
          hangedman_abyss_or_decor_passed
D:7:      corexii_shantytown, layout_basic, dk_vineyard_1,
          minmay_misc_feat_cross, chequers_garden, grunt_decor_junction,
          minmay_misc_feat_chi, chequers_avenue
D:8:      layout_rooms, special_room [special_room_kobold],
          hangedman_decor_push, serial_bayou_pond_d, minmay_small_thing,
          uniq_grum, uniq_maggie
D:9:      layout_irregular_city, fedhas_altar_fruit_tree,
          chequers_temple_overflow_minitemple, minmay_orc_entry_guard_dogs,
          minmay_ruined_shrine
D:10:     layout_big_octagon, erik_lair_orcish_takeover, serial_shops,
          kennysheep_mini, nicolae_stop_n_shop_1, nicolae_shop_window_shopping,
          kennysheep_generic_room_6
Temple:   nicolae_temple_elliptical
Lair:1:   layout_loops_ring, disabler_island, grunt_megastairs_2

Skill      XL: |  1  2  3  4  5  6  7  8  9 10 11 |
---------------+----------------------------------+-----
Stealth        | 6 7 8 9 10 11 | 11.8
Dodging        | 2 3 4 5 6 7 |  7.0
Spellcasting   | 1 2 3 4 5 |  5.4
Summonings     | 1 2 3 4 5 6 |  6.0
Fighting       | 3 4 5 6 7 |  7.2
Throwing       | 3 4 5 6 |  6.5
Evocations     | 1 3 4 5 |  5.8
Polearms       | 1 |  1.0
Axes           | 1 3 4 |  4.6
Hexes          | 1 |  1.8
Ice Magic      | 1 |  1.6
Short Blades   | |  2.0

Action                   |  1- 3 |  4- 6 |  7- 9 | 10-12 || total
-------------------------+-------+-------+-------+-------++-------
Melee: Dagger            |    63 |    61 |   127 |       ||   251
       Constrict         |    12 |    12 |    38 |    39 ||   101
       Tentacles         |     9 |    13 |    44 |    56 ||   122
       Unarmed           |       |       |     2 |       ||     2
       Spear             |       |       |   108 |   304 ||   412
       War axe           |       |       |       |     4 ||     4
 Fire: Hunting sling     |       |       |    31 |    19 ||    50
Throw: Dart              |     1 |     3 |    18 |    25 ||    47
 Cast: Summon Ice Beast  |       |       |       |     3 ||     3
Evoke: Wand              |       |       |     4 |    25 ||    29
       Box of beasts     |       |       |       |     1 ||     1
  Use: Scroll            |       |       |    14 |    10 ||    24
       Potion            |       |       |     4 |     5 ||     9
 Stab: Sleeping          |     8 |    16 |    51 |     9 ||    84
       Invisible         |       |     1 |     7 |     2 ||    10
       Confused          |       |       |     1 |       ||     1
       Distracted        |       |       |       |     1 ||     1
Armor: Skin              |     3 |     2 |    10 |     5 ||    20
Dodge: Dodged            |    23 |    18 |   148 |   257 ||   446

Table legend: (Time is in decaauts)
 A = Elapsed time spent in this place.
 B = Non-inter-level travel time spent in this place.
 C = Inter-level travel time spent in this place.
 D = Time resting spent in this place.
 E = Time spent auto-exploring this place.
 F = Levels seen in this place.
 G = Mean time per level.
                   A        B        C        D        E       F      G
               +--------+--------+--------+--------+--------+-----+--------+
         Total |  18586 |  18006 |    580 |   2249 |  13439 |  12 | 1548.8 |
       Dungeon |  17398 |  16847 |    551 |   2143 |  12525 |  10 | 1739.8 |
        Temple |    171 |    142 |     29 |      0 |    142 |   1 |  171.0 |
          Lair |   1016 |   1016 |      0 |    106 |    772 |   1 | 1016.0 |
               +--------+--------+--------+--------+--------+-----+--------+

Top non-repeatable levels by time:
     D:9: 4851 daAuts
     D:8: 3166 daAuts
     D:4: 1536 daAuts
     D:5: 1422 daAuts
     D:7: 1356 daAuts
     D:3: 1196 daAuts
     D:6: 1170 daAuts
     D:1: 1023 daAuts
  Lair:1: 1016 daAuts
    D:10: 917 daAuts
     D:2: 757 daAuts
  Temple: 171 daAuts
